AoeStats
← Thewanderero

Black Forest

503381267Analyzed
4v4 RM · 1mo ago on Aug 31, 2026· 66m 38s· 8 players
Game mode
Random Map
Map size
Large (8 player)
Population
200
Speed
Normal
Resources
Standard
Victory
Conquest
Starting age
Dark Age
Ending age
Imperial Age
RankedLock teamsTeams togetherTeam positionsShared explorationLock speedFull tech treeHidden civsTurbo modeCheats
Victory
Defeat
🇵🇱 Franks · Poland
1140
+13
🇯🇵 Khitans · Japan
1128
+14
🇮🇳 Teutons · India
1091
+15
🇵🇱 Goths · Poland
1057
+17
🇪🇸 Turks · Spain
1118
-17
🇩🇪 Persians · Germany
1080
-15
🇩🇪 Saracens · Germany
1060
-14
🇧🇾 Poles · Belarus
1058
-14
Carsitou
0:30 Loom
15:44 Feudal Age
19:26 Castle Age
17:53 Double-Bit Axe
18:06 Horse Collar
20:18 Wheelbarrow
20:59 Bow Saw
31:22 Town Watch
34:53 Imperial Age
32:39 Padded Archer Armor
33:22 Hand Cart
36:00 Leather Archer Armor
36:20 Conscription
37:12 Ring Archer Armor
38:47 Gold Mining
38:48 Stone Mining
39:04 Heavy Plow
41:53 Elite Janissary
42:56 Caravan
44:26 Fletching
51:12 Fortified Wall
51:23 Ballistics
50:44 Treadmill Crane
51:14 Masonry
51:03 Bodkin Arrow
59:43 Artillery
Adoras
0:50 Loom
10:34 Feudal Age
12:10 Wheelbarrow
16:57 Castle Age
15:08 Double-Bit Axe
15:33 Gold Mining
15:56 Horse Collar
21:45 Bow Saw
24:14 Gold Shaft Mining
25:35 Hand Cart
25:14 Stone Mining
28:31 Heavy Plow
32:03 Imperial Age
30:33 Stone Shaft Mining
30:45 Scale Barding Armor
31:11 Forging
31:59 Chain Barding Armor
33:47 Iron Casting
33:35 Conscription
33:47 Elite War Elephant
35:45 Blast Furnace
35:03 Caravan
35:11 Caravan
35:50 Bloodlines
37:11 Plate Barding Armor
39:22 Devotion
41:18 Citadels
40:41 Pikeman
41:21 Squires
41:07 Arson
43:09 Scale Mail Armor
43:32 Ballistics
43:22 Fletching
44:48 Bodkin Arrow
51:18 Two-Man Saw
52:41 Padded Archer Armor
52:50 Kamandaran
54:34 Chemistry
54:02 Thumb Ring
53:18 Crossbowman
56:04 Leather Archer Armor
57:03 Crop Rotation
57:18 Faith
57:55 Ring Archer Armor
King LePrawn James
13:15 Feudal Age
15:44 Loom
18:24 Castle Age
16:49 Stone Mining
17:09 Gold Mining
17:04 Horse Collar
17:38 Double-Bit Axe
28:21 Caravan
33:26 Imperial Age
31:14 Bloodlines
32:07 Heavy Plow
32:44 Wheelbarrow
32:12 Husbandry
33:14 Thumb Ring
34:53 Parthian Tactics
34:56 Forging
34:51 Scale Barding Armor
36:16 Ballistics
36:57 Chemistry
36:43 Conscription
37:08 Iron Casting
36:56 Chain Barding Armor
36:28 Elite Mameluke
53:57 Light Cavalry
55:43 Blast Furnace
55:19 Plate Barding Armor
56:53 Hussar
59:26 Hand Cart
58:57 Town Watch
Thewanderero
13:12 Feudal Age
14:54 Double-Bit Axe
18:03 Castle Age
16:24 Horse Collar
19:10 Bow Saw
18:54 Loom
19:31 Heavy Plow
24:38 Wheelbarrow
26:18 Hand Cart
26:52 Stone Mining
26:52 Gold Mining
29:09 Husbandry
29:20 Bloodlines
33:27 Imperial Age
31:07 Szlachta Privileges
32:13 Scale Barding Armor
32:18 Forging
34:33 Stone Shaft Mining
33:56 Town Watch
35:20 Hoardings
35:06 Conscription
35:10 Lechitic Legacy
35:05 Caravan
34:56 Light Cavalry
36:25 Crop Rotation
36:44 Cavalier
37:49 Chain Barding Armor
38:04 Iron Casting
41:07 Conscription
42:49 Blast Furnace
41:50 Scale Mail Armor
43:40 Lechitic Legacy
42:41 Elite Obuch
52:27 Chain Mail Armor
55:17 Pikeman
55:57 Squires
55:59 Winged Hussar
56:22 Man-at-Arms
57:08 Long Swordsman
58:22 Plate Mail Armor
58:29 Two-Handed Swordsman
59:17 Champion
Enver Pasha
0:52 Loom
14:59 Feudal Age
18:55 Castle Age
16:55 Double-Bit Axe
17:22 Horse Collar
19:33 Forging
19:51 Bow Saw
25:02 Iron Casting
25:06 Arson
27:34 Scale Barding Armor
27:22 Gold Mining
27:55 Bloodlines
31:42 Wheelbarrow
31:34 Chain Barding Armor
31:39 Stone Mining
37:33 Imperial Age
36:34 Squires
36:19 Arson
35:55 Pikeman
37:13 Hand Cart
39:14 Blast Furnace
38:49 Plate Barding Armor
37:36 Cavalier
37:47 Halberdier
39:17 Scale Mail Armor
40:05 Plate Barding Armor
41:20 Scale Mail Armor
42:14 Paladin
43:35 Conscription
46:16 Conscription
45:18 Elite Teutonic Knight
48:25 Crenellations
48:17 Town Watch
49:09 Chain Mail Armor
48:58 Fletching
54:00 Ironclad
56:02 Coinage
56:38 Stone Shaft Mining
59:13 Banking
58:54 Guilds
58:44 Caravan
61:58 Devotion
64:10 Heavy Plow
mateusz.czeczot2
12:57 Feudal Age
14:14 Double-Bit Axe
19:47 Castle Age
21:34 Bow Saw
24:06 Gold Mining
27:22 Gold Shaft Mining
30:59 Imperial Age
29:38 Wheelbarrow
29:28 Scale Barding Armor
29:33 Forging
31:36 Hand Cart
31:46 Chain Barding Armor
32:01 Iron Casting
31:29 Husbandry
32:03 Conscription
31:04 Cavalier
32:21 Paladin
33:59 Plate Barding Armor
35:38 Blast Furnace
35:50 Caravan
Maya
0:27 Loom
12:39 Feudal Age
13:28 Double-Bit Axe
17:18 Castle Age
16:33 Stone Mining
17:06 Gold Mining
19:41 Bow Saw
22:15 Gold Mining
25:16 Domestication
26:07 Pastoralism
28:10 Stone Shaft Mining
30:10 Wheelbarrow
33:18 Imperial Age
30:38 Town Watch
31:22 Hand Cart
31:27 Squires
31:12 Gambesons
31:39 Forging
31:30 Scale Mail Armor
31:46 Arson
31:22 Pikeman
31:56 Fletching
31:30 Elite Skirmisher
32:15 Thumb Ring
32:21 Town Watch
32:51 Fortified Wall
32:22 Treadmill Crane
32:56 Masonry
32:28 Treadmill Crane
33:26 Iron Casting
33:42 Lamellar Armor
33:56 Chain Mail Armor
33:37 Elite Fire Lancer
34:42 Conscription
35:52 Two-Man Saw
35:32 Transhumance
35:13 Caravan
36:21 Plate Mail Armor
35:46 Bodkin Arrow
36:27 Ballistics
35:32 Capped Ram
36:21 Elite Liao Dao
38:23 Town Patrol
38:47 Siege Ram
43:43 Chemistry
42:49 Siege Engineers
42:48 Bracer
45:16 Padded Archer Armor
53:40 Leather Archer Armor
57:05 Husbandry
56:25 Light Cavalry
xMattAdore
0:32 Loom
14:15 Feudal Age
14:47 Horse Collar
20:31 Castle Age
18:55 Double-Bit Axe
19:35 Stone Mining
19:36 Gold Mining
21:02 Forging
20:53 Scale Mail Armor
25:08 Anarchy
33:26 Iron Casting
32:41 Fletching
33:07 Chain Mail Armor
32:32 Pikeman
33:13 Squires
34:00 Man-at-Arms
38:09 Imperial Age
38:38 Bow Saw
38:30 Heavy Plow
38:13 Halberdier
39:16 Conscription
38:17 Elite Huskarl
40:11 Blast Furnace
41:02 Perfusion
43:07 Long Swordsman
44:48 Town Watch
45:38 Wheelbarrow
45:51 Two-Handed Swordsman
52:41 Two-Man Saw
51:44 Town Patrol
52:04 Hand Cart
51:48 Bodkin Arrow
51:54 Padded Archer Armor
51:36 Onager
57:33 Caravan
Connection lost

Rejoining the realm…

Still unreachable

The connection could not be restored.

Session expired

The server has moved on; the page needs a fresh start.